 Dungeon Crawl Stone Soup version 0.30-a0-4-ga7cffc901d (webtiles) character file.

Game seed: 4726858740420530152

35 Spectrina the Magician (level 3, -2/26 HPs)
             Began as a Djinni Venom Mage on Aug 22, 2022.
             Slain by Terence
             ... wielding a +0 falchion
              (5 damage)
             ... on level 2 of the Dungeon.
             The game lasted 00:05:31 (586 turns).

Spectrina the Magician (Djinni Venom Mage)           Turns: 586, Time: 00:05:32

Health: -2/26      AC:  4    Str:  7    XL:     3   Next: 52%
Gold:   93         EV: 11    Int: 18    God:
                   SH:  3    Dex: 13

rFire   + + .      SeeInvis .    (no weapon)
rCold   x . .      Faith    .    e - +0 buckler
rNeg    + . .      Spirit   .    i - +1 leather armour {rN+}
rPois   ∞          Reflect  .    (no helmet)
rElec   .          Harm     .    c - scarf {+Inv}
rCorr   .          Rampage  .    (no gloves)
Will    +....                    (boots unavailable)
Stlth   ++........               (no amulet)
HPRegen 0.08/turn                h - ring of willpower
MPRegen 0.00/turn                (no ring)

@: flying, very slightly contaminated
A: sickness immunity, fire resistance 2, cold vulnerability 1, float, innate
caster, HP casting, extra vitality 1
a: Evoke Invisibility


You were on level 2 of the Dungeon.
You visited 1 branch of the dungeon, and saw 4 of its levels.

You collected 93 gold pieces.

Inventory:

Missiles
 g - 11 poisoned darts (quivered)
Armour
 a - a +0 robe
 c - a scarf of invisibility (worn)
 e - a +0 buckler (worn)
 i - a +1 leather armour of positive energy (worn)
Jewellery
 h - a ring of willpower (left hand)
Scrolls
 b - a scroll of identify {unknown}
 d - a scroll of immolation {unknown}
 l - a scroll of enchant weapon {unknown}
Potions
 f - a potion of curing {unknown}
 j - a potion of degeneration {unknown}
 k - a potion of cancellation {unknown}
 m - a potion of might {unknown}


   Skills:
 + Level 0.6 Fighting
 + Level 2.5 Dodging
 + Level 1.9 Stealth
 * Level 2.7 Spellcasting
 + Level 0.8 Invocations
 + Level 0.4 Evocations


You couldn't memorise any spells.
You knew the following spells:

 Your Spells              Type           Power      Damage    Failure   Level
a - Sting                 Tmut/Pois      48%        1d5       11%         1
f - Sandblast             Erth           24%        2d8       11%         1
l - Mephitic Cloud        Conj/Pois/Air  12%        N/A       32%         3
q - Poisonous Vapours     Pois/Air       24%        N/A       17%         2
w - Olgreb's Toxic Radia  Pois           12%        N/A       73%         4
Your spell library was empty.

Dungeon Overview and Level Annotations

Branches:
Dungeon (4/15)
 Temple: D:4-7

Altars:

Annotations:
D:2 Terence
D:3 Jessica


Innate Abilities, Weirdness & Mutations

You are immune to sickness and miasma.
You are immune to poison.
Your flesh is very heat resistant. (rF++)
You are vulnerable to cold. (rC-)
You float through the air rather than walking.
You learn spells naturally, not from books.
Your magical power is your life essence.
You have superior vitality. (+4 MHP)


Message History

Terence barely misses you. You block Terence's attack.
Casting: Sandblast (safe; 11% risk of failure)
Confirm with . or Enter, or press ? or * to list all spells.
Aiming: Sandblast (safe; 11% risk of failure)
Press: ? - help, Shift-Dir - straight line, f/p - Terence
Aim: Terence, wielding a +0 falchion and wearing a +0 chain mail (severely wounded, poisoned, 87% to hit)
The blast of sand hits Terence but does no damage.
Terence is severely wounded.
* * * LOW HITPOINT WARNING * * *
Terence closely misses you.
Casting: Sandblast (safe; 11% risk of failure)
Confirm with . or Enter, or press ? or * to list all spells.
Aiming: Sandblast (safe; 11% risk of failure)
Press: ? - help, Shift-Dir - straight line, f/p - Terence
Aim: Terence, wielding a +0 falchion and wearing a +0 chain mail (severely wounded, poisoned, 87% to hit)
The blast of sand hits Terence but does no damage.
Terence is severely wounded.
* * * LOW HITPOINT WARNING * * *
Terence barely misses you. You block Terence's attack.
Casting: Sandblast (safe; 11% risk of failure)
Confirm with . or Enter, or press ? or * to list all spells.
Aiming: Sandblast (safe; 11% risk of failure)
Press: ? - help, Shift-Dir - straight line, f/p - Terence
Aim: Terence, wielding a +0 falchion and wearing a +0 chain mail (severely wounded, poisoned, 87% to hit)
The blast of sand hits Terence but does no damage.
Terence is severely wounded.
* * * LOW HITPOINT WARNING * * *
You block Terence's attack.
Your magical contamination has completely faded away.
Casting: Sandblast (safe; 11% risk of failure)
Confirm with . or Enter, or press ? or * to list all spells.
Aiming: Sandblast (safe; 11% risk of failure)
Press: ? - help, Shift-Dir - straight line, f/p - Terence
Aim: Terence, wielding a +0 falchion and wearing a +0 chain mail (severely wounded, poisoned, 87% to hit)
You miscast Sandblast.
You are very lightly contaminated with residual magic.
Nothing appears to happen.
* * * LOW HITPOINT WARNING * * *
Terence hits you with a +0 falchion.
You die...

#...## ###..#
##.## .. #..## #.#
##..# #.# #..# #.#
#..# #.# #@.# #.#
#@.# #.## ##..#
...# #...# ...##
##...# ##..###
###...##
###...######.....#
# #.#^.......)..##
# #...##.......##
# ###.....######


You could see Terence (poisoned).

Vanquished Creatures
  9 orcs
  A ball python (D:3)
  5 goblins
  3 quokkas
  3 bats
  2 rats
23 creatures vanquished.

Notes
Turn   | Place    | Note
-------+----------+-------------------------------------------
     0 | D:1      | Spectrina the Djinni Venom Mage began the quest for the
                  | Orb.
     0 | D:1      | Spectrina set off with the following spells memorised:
                  | Sting, Poisonous Vapours, Mephitic Cloud, Olgreb's Toxic
                  | Radiance.
     0 | D:1      | Reached XP level 1. HP: 15/15 MP: 0/0
    40 | D:4      | Noticed an orc wizard
    79 | D:4      | Reached XP level 2. HP: 13/21 MP: 0/0
   173 | D:3      | Found a faded altar of an unknown god.
   223 | D:3      | Reached XP level 3. HP: 10/26 MP: 0/0
   223 | D:3      | Learned a level 1 spell: Sandblast
   252 | D:3      | Noticed Jessica
   565 | D:2      | Noticed Terence
   586 | D:2      | Slain by Terence

Illustrated notes

Levels and vault maps discovered:
D:1:      lemuel_arrival_river_ford, layout_basic
D:2:      layout_rooms, minmay_randomly_rotated_circles,
          uniq_crazy_yiuf_cottage, uniq_terence
D:3:      layout_rooms, ebering_ecumenical_altar_mist, uniq_jessica
D:4:      layout_basic, minmay_temple_entry_drinking_statues, serial_shops,
          nicolae_square_shop

Action                   || total
-------------------------++-------
Throw: Dart              ||    16
 Cast: Sting             ||    17
       Poisonous Vapours ||     8
       Sandblast         ||    18
Armor: Leather armour    ||     3
Dodge: Dodged            ||     8
Block: Buckler           ||     6

Table legend: (Time is in decaauts)
 A = Elapsed time spent in this place.
 B = Non-inter-level travel time spent in this place.
 C = Inter-level travel time spent in this place.
 D = Time resting spent in this place.
 E = Time spent auto-exploring this place.
 F = Levels seen in this place.
 G = Mean time per level.
                   A        B        C        D        E       F      G
               +--------+--------+--------+--------+--------+-----+--------+
         Total |    594 |    594 |      0 |      0 |      0 |   4 |  148.5 |
       Dungeon |    594 |    594 |      0 |      0 |      0 |   4 |  148.5 |
               +--------+--------+--------+--------+--------+-----+--------+

Top non-repeatable levels by time:
     D:3: 285 daAuts
     D:2: 130 daAuts
     D:1: 104 daAuts
     D:4: 74 daAuts
